 Dungeon Crawl Stone Soup version 0.29.1-13-g9f3cf754e1 (webtiles) character file.

Game seed: 3886081931957505434

9 Descartes the Cudgeller (level 2, -4/21 HPs)
             Began as a Formicid Wanderer on Jan 27, 2023.
             Slain by a gnoll
             ... wielding a +0 spear
              (6 damage)
             ... on level 2 of the Dungeon.
             The game lasted 00:02:15 (948 turns).

Descartes the Cudgeller (Formicid Wanderer)          Turns: 948, Time: 00:02:16

Health: -4/21      AC:  3    Str: 17    XL:     2   Next: 25%
Magic:  6/6        EV: 11    Int: 11    God:
Gold:   108        SH:  0    Dex: 12    Spells: 6/7 levels left

rFire   + . .      SeeInvis +   a - +2 mace
rCold   . . .      Faith    .   (no shield)
rNeg    . . .      Spirit   .   k - +0 leather armour {rF+}
rPois   .          Reflect  .   (helmet unavailable)
rElec   .          Harm     .   (no cloak)
rCorr   .          Rampage  .   (no gloves)
Will    .....                   (no boots)
Stlth   +.........              (no amulet)
HPRegen 0.07/turn               (no ring)
MPRegen 0.10/turn               (no ring)

@: no status effects
A: permanent stasis, dig shafts and tunnels, antennae 3, four strong arms
a: Dig, Shaft Self


You were on level 2 of the Dungeon.
You visited 1 branch of the dungeon, and saw 2 of its levels.

You collected 108 gold pieces.

Inventory:

Hand Weapons
 a - a +2 mace (weapon)
 c - a +0 dagger
Missiles
 b - 8 boomerangs (quivered)
 l - 3 poisoned darts
Armour
 e - a +0 leather armour
 g - a +0 ring mail
 k - a +0 leather armour of fire resistance (worn)
Scrolls
 f - a scroll of identify {unknown}
Potions
 d - 2 potions of attraction
 h - 2 potions of lignification {unknown}
 i - a potion of degeneration {unknown}
 j - a potion of cancellation {unknown}
 m - 2 potions of heal wounds {unknown}
 n - a potion of curing {unknown}
 o - a potion of mutation {unknown}


   Skills:
 - Level 1.1 Fighting
 + Level 4.2 Maces & Flails
 - Level 2.0 Throwing
 + Level 1.2 Armour
 - Level 3.2 Spellcasting


You had 6 spell levels left.
You knew the following spells:

 Your Spells              Type           Power      Damage    Failure   Level
a - Shock                 Conj/Air       4%         1d3       30%         1

Your spell library contained the following spells:

 Spells                   Type           Power      Damage    Failure   Level
 Mephitic Cloud           Conj/Pois/Air  1%         N/A       67%         3


Dungeon Overview and Level Annotations

Branches:
Dungeon (2/15)

Altars:


Innate Abilities, Weirdness & Mutations

You cannot be hasted, slowed, berserked, paralysed or teleported.
You can dig through walls and to a lower floor.
You have a pair of large antennae on your head. (SInv)
Your four strong arms can wield two-handed weapons with a shield.


Message History

You kill the ball python!
No target in view!
No target in view!
HP restored.
You sense a monster nearby.
A gnoll comes into view. It is wielding a +0 spear.
The gnoll hits you with a +0 spear.
You hit the gnoll.
The gnoll is heavily wounded.
The gnoll misses you.
You barely miss the gnoll.
The gnoll is heavily wounded.
The gnoll hits you with a +0 spear.
You hit the gnoll but do no damage.
The gnoll is heavily wounded.
The gnoll hits you with a +0 spear. The gnoll closely misses you.
You hit the gnoll but do no damage.
The gnoll is heavily wounded.
The gnoll hits you with a +0 spear.
* * * LOW HITPOINT WARNING * * *
You are too injured to fight recklessly!
You are too injured to fight recklessly!
You are too injured to fight recklessly!
You are too injured to fight recklessly!
You are too injured to fight recklessly!
You are too injured to fight recklessly!
You are too injured to fight recklessly!
You are too injured to fight recklessly!
You are too injured to fight recklessly!
You are too injured to fight recklessly!
You are too injured to fight recklessly!
You are too injured to fight recklessly!
You are too injured to fight recklessly!
You are too injured to fight recklessly!
Unknown command.
The gnoll hits you from afar with a +0 spear.
* * * LOW HITPOINT WARNING * * *
A gnoll comes into view. It is wielding a +0 spear.
The gnoll hits you from afar with a +0 spear.
You die...

##############
##.........(..#
####...@########.#
..............##.#
####..g.#####.##.#
##.### #.# ...{ {
#.# ###g #.# # #.#
#.#


You could see 2 gnolls.

Vanquished Creatures
  A dart slug (D:1)
  A goblin (D:1)
  A hobgoblin (D:1)
  3 ball pythons
  A frilled lizard (D:1)
  A rat (D:1)
8 creatures vanquished.

Vanquished Creatures (others)
  2 fungi (D:1)
  5 toadstools (D:1)
7 creatures vanquished.

Grand Total: 15 creatures vanquished

Notes
Turn   | Place    | Note
-------+----------+-------------------------------------------
     0 | D:1      | Descartes the Formicid Wanderer began the quest for the
                  | Orb.
     0 | D:1      | Descartes set off with the following items: a +2 mace, 8
                  | boomerangs, a +0 dagger, a potion of attraction, a +0
                  | leather armour; and the following spell memorised: Shock;
                  | and the following spells available to memorise: Mephitic
                  | Cloud.
     0 | D:1      | Reached XP level 1. HP: 15/15 MP: 4/4
   296 | D:1      | Reached skill level 1 in Armour
   296 | D:1      | Reached XP level 2. HP: 18/21 MP: 6/6
   428 | D:1      | Found a faded altar of an unknown god.
   947 | D:2      | HP: 1/21 [gnoll/+0 spear (5)]
   948 | D:2      | Slain by a gnoll

Illustrated notes

Levels and vault maps discovered:
D:1:      amcnicky_arrival_abandoned_market, layout_loops_ring,
          chequers_ecumenical_altar_simple_redux, minmay_gold_behind_fungi
D:2:      layout_loops_ring, minmay_misc_feat_columns

Skill      XL: |  1 |
---------------+----+-----
Armour         | 1 |  1.2
Fighting       | |  1.1
Maces & Flails | |  4.2
Throwing       | |  2.0
Spellcasting   | |  3.2

Action                   || total
-------------------------++-------
Melee: Mace              ||    30
 Stab: Sleeping          ||     1
Armor: Leather armour    ||     2
Dodge: Dodged            ||    12
